General information
- name: BNet
- type: Ladder 1vs1/FFA
- host: Battle.net
- saver: Thumb-Monkey
map: RoadToStratholme
- players: 2
- length: 07:01
- speed: Fast
- version: 1.23 W3XP
- replay type: Public
» download(13 KB)
Players
team 1 (winner)
Thumb-Monkey (
purple | 10 APM | 67 actions | 07:01)
» actions
| Basic commands | 9 | |
| Right click | 31 | |
| Select / deselect | 8 | |
| Use ability | 19 | |
67 total
team 2 (loser)
cidmaster (
pink | 29 APM | 179 actions | 06:08)
1 Blademaster
1 Wind Walk
» actions
| Build / train | 13 | |
| Enter build submenu | 9 | |
| Enter hero's abilities submenu | 1 | |
| Right click | 85 | |
| Select / deselect | 59 | |
| Use ability | 12 | |
179 total
» units
» buildings
| Barracks | 2 | |
| Altar of Storms | 1 | |
| Orc Burrow | 3 | |
| War Mill | 2 | |
| Watch Tower | 1 | |
9 total
» build order
00:48 Barracks
00:53 Altar of Storms
00:58 Orc Burrow
01:42 War Mill
02:07 Orc Burrow
02:15 War Mill
02:45 Orc Burrow
03:16 Barracks
04:28 Watch Tower
Chat log
(05:25 / All) cidmaster: where are you?
(05:49 / All) cidmaster: are you there?